 Dungeon Crawl Stone Soup version 0.17-a0-1504-gb7d9117 (webtiles) character file.

408 matakusis the Ducker (level 6, 0/46 HPs)
             Began as a Demonspawn Gladiator on July 8, 2015.
             Was a Follower of Qazlal.
             Killed from afar by a white imp (15 damage)
             ... with a puff of frost
             ... summoned by Eustachio
             ... on level 4 of the Dungeon.
             The game lasted 00:19:30 (3239 turns).

matakusis the Ducker (Demonspawn Gladiator)         Turns: 3239, Time: 00:19:30

Health: 0/46       AC:  7    Str: 17    XL:     6   Next: 57%
Magic:  6/6        EV: 14    Int:  9    God:    Qazlal [*.....]
Gold:   221        SH:  1    Dex: 14    Spells: 0 memorised, 5 levels left

rFire  + . .     SeeInvis .     f - +1 short sword (venom)
rCold  x . .     Clarity  .     b - +0 leather armour
rNeg   + . .     SustAt   .     (no shield)
rPois  .         Gourm    .     s - +1 helmet
rElec  .         Spirit   .     j - +0 cloak
rCorr  .         Warding  +     o - +0 pair of gloves
rMut   .         Stasis   .     (no boots)
MR     .....                    g - amulet of warding
Stlth  +.........               (no ring)
                                u - ring of fire

@: not resistant to hostile enchantments, very unstealthy
A: claws 2, talons 1, powered by death 1
a: Renounce Religion


You were on level 4 of the Dungeon.
You worshipped Qazlal.
Qazlal was aware of your devotion.
You were not hungry.

You visited 1 branch of the dungeon, and saw 4 of its levels.

You collected 221 gold pieces.

Inventory:

Hand weapons
 a - a +0 flail
 f - a +1 short sword of venom (weapon)
Missiles
 d - a throwing net (quivered)
Armour
 b - a +0 leather armour (worn)
 c - a +0 helmet
 j - a +0 cloak (worn)
 o - a +0 pair of gloves (worn)
 s - a +1 helmet (worn)
 t - a +0 animal skin
Jewellery
 g - an amulet of warding (around neck)
 u - a ring of fire (left hand)
 A - an uncursed amulet of stasis
Magical devices
 x - a wand of magic darts (26)
Scrolls
 k - a scroll of teleportation
 l - 2 scrolls of remove curse {unknown}
 m - 2 scrolls of blinking {unknown}
 p - a scroll of enchant armour {unknown}
 q - a scroll of noise {unknown}
 r - 2 scrolls of magic mapping {unknown}
 v - a scroll of identify {unknown}
 y - a scroll of fear {unknown}
Potions
 h - a potion of agility
 z - a potion of resistance
Comestibles
 e - 4 bread rations
 n - 8 fruits


   Skills:
 + Level 2.8 Fighting
 + Level 0.1 Short Blades
 * Level 4.4 Maces & Flails
 - Level 1.7 Throwing
 + Level 1.6 Armour
 * Level 4.9 Dodging
 * Level 1.1 Invocations


You had 5 spell levels left.
You didn't know any spells.

Dungeon Overview and Level Annotations

Branches:
Dungeon (4/15)
 Temple: D:4-7

Altars:
Ashenzari
Elyvilon
Okawaru
Qazlal
Sif Muna
Vehumet

Annotations:
D:4 Eustachio; Parakulo's ghost, experienced CeHu


Innate Abilities, Weirdness & Mutations

You have very sharp fingernails.
You have sharp toenails.
You regenerate a little health from kills.


Message History

The white imp gestures at you. The puff of frost hits you!
You feel a terrible chill!
Eustachio drinks a potion.
Eustachio is healed!
Eustachio looks more healthy.
Eustachio struggles against the net.
The net rips apart, and Eustachio comes free!
You barely miss Eustachio. You claw Eustachio, but do no damage.
Eustachio is severely wounded.
The bat hits you but does no damage.
The bat's attack is warded away.
The white imp gestures at you. The puff of frost misses you.
You hit Eustachio.
Eustachio is poisoned.
You claw Eustachio, but do no damage.
Eustachio is severely wounded.
The bat's attack is warded away.
The bat barely misses you. The white imp misses you.
Eustachio hits you but does no damage.
You hit Eustachio.
Eustachio looks even sicker.
Eustachio is almost dead.
The bat closely misses you.
The bat's attack is warded away.
The white imp gestures at you. The puff of frost hits you!
You feel a terrible chill!
You die...

#.....###### #.
#).........## ##
#(.#.♣.♣.#..#
#...........#
#..♣.♣.♣.♣..#
.)##....._.[)..#
....rb♣.♣.♣.♣..#
..###@5.5......# #
#.@#.♣.♣.#..####
#..b...........#
#b..##.#####...####
###.##.... #.......
#..####.##...####
##... #..#...# ##?#
#..#.## # #.#
##...## # #.#
####..####


You could see Eustachio, a white imp, a shadow imp, 3 bats and a rat.

Vanquished Creatures
  Sigmund (D:3)
  An ogre (D:4)
  2 orc wizards (D:4)
  Robin (D:2)
  An adder (D:1)
  An ooze (D:1)
  4 worms
  3 giant geckos
  3 orcs
  2 ball pythons
  9 bats
  6 giant cockroaches
  9 hobgoblins
  2 jackals (D:1)
  7 kobolds
  2 giant newts
  14 goblins
  6 rats
74 creatures vanquished.

Notes
Turn   | Place    | Note
--------------------------------------------------------------
     0 | D:1      | matakusis the Demonspawn Gladiator began the quest for the Orb.
     0 | D:1      | Reached XP level 1. HP: 16/16 MP: 1/1
   418 | D:1      | Reached skill level 3 in Dodging
   418 | D:1      | Gained mutation: You regenerate a little health from kills. [demonic ancestry]
   418 | D:1      | Reached XP level 2. HP: 20/22 MP: 2/2
  1012 | D:1      | Gained mutation: You have sharp toenails. [demonic ancestry]
  1012 | D:1      | Reached XP level 3. HP: 27/27 MP: 3/3
  1300 | D:2      | Found a shattered altar of Ashenzari.
  1481 | D:2      | Noticed Robin
  1494 | D:2      | Killed Robin
  1679 | D:2      | Gained mutation: You have sharp fingernails. [demonic ancestry]
  1679 | D:2      | Reached XP level 4. HP: 33/33 MP: 4/4
  2288 | D:3      | Noticed Sigmund
  2296 | D:3      | Killed Sigmund
  2296 | D:3      | Reached skill level 4 in Maces & Flails
  2296 | D:3      | Reached skill level 1 in Armour
  2296 | D:3      | Gained mutation: You have very sharp fingernails. [demonic ancestry]
  2296 | D:3      | Reached XP level 5. HP: 27/39 MP: 5/5
  2423 | D:3      | Found a radiant altar of Vehumet.
  2519 | D:3      | Found a white marble altar of Elyvilon.
  2534 | D:3      | Found a stormy altar of Qazlal.
  2542 | D:3      | Became a worshipper of Qazlal Stormbringer
  2580 | D:3      | Found a deep blue altar of Sif Muna.
  2873 | D:4      | Reached XP level 6. HP: 40/46 MP: 6/6
  2932 | D:4      | Noticed an ogre
  2952 | D:4      | Killed an ogre
  2952 | D:4      | Reached skill level 1 in Invocations
  2964 | D:4      | Found an iron altar of Okawaru.
  2989 | D:4      | Got a smoking trident
  3010 | D:4      | Acquired Qazlal's first power
  3025 | D:4      | Noticed Parakulo's ghost (experienced CeHu)
  3226 | D:4      | Noticed Eustachio
  3239 | D:4      | Killed from afar by a white imp

Vault maps used:
D:1:      dpeg_arrival_ternary, bh_walls_and_bars
D:2:      nicolae_ashenzari_panopticon, uniq_robin
D:3:      old_standard_altar, vehumet_altar_wand_db, lemuel_round_altar,
          grunt_qazlal_sundering, uniq_sigmund
D:4:      okawaru_trees_1, first_bread, roderic_batcave, uniq_eustachio

Action                   |  1- 3 |  4- 6 || total
-------------------------+-------+-------++-------
Melee: Flail             |   112 |    72 ||   184
       Short sword       |       |    91 ||    91
Throw: Throwing net      |       |     2 ||     2
  Use: Potion            |       |     4 ||     4
       Scroll            |       |     2 ||     2
 Stab: Held in net/web   |       |     2 ||     2
       Sleeping          |       |     1 ||     1
  Eat: Chunk             |     1 |     2 ||     3
       Meat ration       |     1 |       ||     1
